 Dungeon Crawl Stone Soup version 0.25.1-2-g60ff931df9 (webtiles) character file.

Game seed: 348189228303139545

46 Antenora the Skirmisher (level 3, -3/30 HPs)
             Began as a Demonspawn Abyssal Knight on Nov 5, 2020.
             Was a Believer of Lugonu.
             Slain by a gnoll
             ... wielding a +0 whip
              (4 damage)
             ... on level 2 of the Dungeon.
             The game lasted 00:09:53 (730 turns).

Antenora the Skirmisher (Demonspawn Abyssal Knight)  Turns: 730, Time: 00:09:53

Health: -3/30      AC:  3    Str: 12    XL:     3   Next: 44%
Magic:  4/4        EV: 11    Int: 14    God:    Lugonu [**....]
Gold:   53         SH:  0    Dex: 12    Spells: 2/2 levels left

rFire    + . .     SeeInvis .   a - +1 spear
rCold    . . .     Gourm    .   (no shield)
rNeg     . . .     Faith    .   b - +0 leather armour
rPois    .         Spirit   .   (no helmet)
rElec    .         Reflect  .   (no cloak)
rCorr    .         Harm     .   (no gloves)
MR       .....                  (no boots)
Stlth    +.........             (no amulet)
HPRegen  0.10/turn              (no ring)
MPRegen  0.09/turn              (no ring)

@: no status effects
A: fire resistance 1, flame cloud immunity
a: Depart the Abyss, Bend Space, Renounce Religion


You were on level 2 of the Dungeon.
You worshipped Lugonu.
Lugonu was pleased with you.
You were not hungry.

You visited 1 branch of the dungeon, and saw 2 of its levels.
You visited the Abyss 1 time.

You collected 53 gold pieces.

Inventory:

Hand Weapons
 a - a +1 spear (weapon)
Armour
 b - a +0 leather armour (worn)
 e - a cursed +0 scale mail


   Skills:
 + Level 3.7 Fighting
 + Level 2.4 Polearms
 + Level 2.1 Armour
 + Level 1.1 Dodging
 + Level 2.5 Invocations


You had 2 spell levels left.
You didn't know any spells.
Your spell library was empty.

Dungeon Overview and Level Annotations

Branches:
Dungeon (2/15)

Altars:
Okawaru


Innate Abilities, Weirdness & Mutations

Your flesh is heat resistant. (rF+)
You are immune to clouds of flame.


Message History

The gnoll hits you with a +0 whip.
* * * LOW HITPOINT WARNING * * *
You closely miss the gnoll.
The gnoll is heavily wounded.
A bat comes into view.
The gnoll hits you but does no damage.
You hit the gnoll.
The gnoll is almost dead.
The gnoll hits you with a +0 whip.
* * * LOW HITPOINT WARNING * * *
You closely miss the gnoll.
The gnoll is almost dead.
The gnoll barely misses you.
You hit the gnoll.
You kill the gnoll!
Lugonu accepts your kill.
You can now bend space around yourself.
You closely miss the gnoll.
The gnoll is lightly wounded.
The gnoll hits you with a +0 whip.
You die...

##.#.#†#.######.....
####
#..........##...#
#...###.......#....#
#...>...........##.#
#...#.#...>...####.#
##. #.†........# #.#
# ###.......## #.#
#.........###.#####.#
##.#.#.#.#@gbg).[...#
############l##.####
#..#... #........
#..##.##... #..# ..#
.# ...g .g.. . ....
_... .....


You could see 2 gnolls, a leopard gecko and a bat.

Vanquished Creatures
  An adder (D:2)
  2 gnolls (D:2)
  4 bats
  3 goblins
  2 hobgoblins (D:1)
  3 kobolds
  5 rats
20 creatures vanquished.

Notes
Turn   | Place    | Note
-------+----------+-------------------------------------------
     0 | Abyss:1  | Antenora the Demonspawn Abyssal Knight began the quest for
                  | the Orb.
     0 | Abyss:1  | Reached XP level 1. HP: 18/18 MP: 2/2
    39 | D:1      | Escaped the Abyss
   368 | D:1      | Reached skill level 1 in Dodging
   451 | D:1      | Gained mutation: Your flesh is heat resistant. (rF+)
                  | [demonic ancestry]
   451 | D:1      | Reached XP level 2. HP: 24/24 MP: 3/3
   700 | D:2      | Found an iron altar of Okawaru.
   721 | D:2      | Gained mutation: You are immune to clouds of flame.
                  | [demonic ancestry]
   721 | D:2      | Reached XP level 3. HP: 5/29 MP: 4/4
   727 | D:2      | HP: 1/29 [gnoll/+0 whip (2)]
   729 | D:2      | Reached ** piety under Lugonu
   730 | D:2      | Slain by a gnoll

Illustrated notes

Levels and vault maps discovered:
D:1:      dpeg_arrival_concentric_ovals, layout_basic, serial_glass,
          glass_columns_b, glass_columns_a, lemuel_another_geyser
D:2:      layout_loops_ring, lemuel_blue_sif_altar, minmay_liquid_box,
          chequers_garden, chequers_decorated_corner, st_stairs_4,
          okawaru_gym_becter

Skill      XL: |  1  2 |
---------------+-------+-----
Dodging        | 1 |  1.1
Polearms       | 2 |  2.4
Armour         | 2 |  2.1
Fighting       | |  3.7
Invocations    | |  2.5

Action                   || total
-------------------------++-------
Melee: Spear             ||    70
  Use: Scroll            ||     1
       Potion            ||     1
  Eat: Ration            ||     1
Armor: Leather armour    ||    17
Dodge: Dodged            ||    39
